 Dungeon Crawl Stone Soup version 0.19-a0-1697-g0595f0e (webtiles) character file.

79 runewalsh the Chiller (level 4, -1/27 HPs)
             Began as an Octopode Ice Elementalist on Sept 26, 2016.
             Slain by a flying skull (11 damage)
             ... created by the anger of Yredelemnul
             ... on level 2 of the Dungeon.
             The game lasted 00:02:21 (1422 turns).

runewalsh the Chiller (Octopode Ice Elementalist)   Turns: 1422, Time: 00:02:21

Health: -1/27      AC:  2    Str:  7    XL:     4   Next: 37%
Magic:  8/8        EV: 13    Int: 18    God:
Gold:   149        SH:  0    Dex: 12    Spells: 3 memorised, 3 levels left

rFire  . . .     SeeInvis .     w - +0 falchion
rCold  . . .     Gourm    .     (no shield)
rNeg   . . .     Faith    .     (helmet restricted)
rPois  .         Spirit   .     r - amulet of regeneration
rElec  .         Dismiss  .     (no ring)
rCorr  .         Reflect  .     (no ring)
MR     .....     Harm     .     (no ring)
Stlth  +++.......               (no ring)
                                (no ring)
                                (no ring)
                                (no ring)
                                (no ring)

@: flying
A: almost no armour, stealthy swim, amphibious, 8 rings, constrict 8, camouflage
1, gelatinous body 1
a: no special abilities


You were on level 2 of the Dungeon.
You were not hungry.

You visited 1 branch of the dungeon, and saw 2 of its levels.

You collected 149 gold pieces.

Inventory:

Hand Weapons
 w - a +0 falchion (weapon)
Jewellery
 r - an amulet of regeneration (around mantle)
Scrolls
 d - 3 scrolls of amnesia
 i - a scroll of magic mapping {!r}
 j - a scroll of fear {unknown}
 m - 2 scrolls of identify
 n - a scroll of fog {unknown}
 q - a scroll of recharging {unknown}
Potions
 h - a potion of mutation {unknown}
 k - a potion of cancellation {unknown}
Books
 a - a book of Frost

   Spells                             Type                      Level
   a - Freeze                         Ice                          1
   b - Throw Frost                    Conjuration/Ice              2
   c - Ozocubu's Armour               Charms/Ice                   3
   d - Throw Icicle                   Conjuration/Ice              4
   e - Summon Ice Beast               Ice/Summoning                4
 o - a book of Debilitation

   Spells                             Type                      Level
   a - Corona                         Hexes                        1
   b - Slow                           Hexes                        2
   c - Gell's Gravitas                Hexes/Translocation          3
   d - Inner Flame                    Hexes/Fire                   3
   e - Cause Fear                     Hexes                        4
   f - Leda's Liquefaction            Hexes/Earth                  4
Comestibles
 b - a bread ration
 c - a chunk of flesh
 f - 7 fruits
 l - 3 beef jerkies
 p - a meat ration


   Skills:
 - Level 2.0 Dodging
 - Level 2.6 Stealth
 + Level 3.0 Spellcasting
 - Level 1.0 Conjurations
 * Level 4.3 Ice Magic


You had 3 spell levels left.
You knew the following spells:

 Your Spells              Type           Power        Failure   Level  Hunger
a - Freeze                Ice            ###.         2%          1    None
f - Throw Frost           Conj/Ice       ##....       12%         2    ##.....
A - Ozocubu's Armour      Chrm/Ice       ##......     24%         3    ###....


Dungeon Overview and Level Annotations

Branches:
Dungeon (2/15)

Altars:
Yredelemnul

Annotations:
D:1 fire wall


Innate Abilities, Weirdness & Mutations

You cannot wear most types of armour.
You are very stealthy in the water.
You are amphibious.
You can wear up to eight rings at the same time.
You can use your tentacles to constrict eight enemies at once.
Your skin changes colour to match your surroundings (Stealth+).
Your rubbery body absorbs attacks. (AC +1, EV +1)


Message History

Forget which spell ([?*] list [ESC] exit)?
Forget which spell ([?*] list [ESC] exit)?
Okay, then.
As you read the scroll labeled POSOSAINNA, it crumbles to dust.
You feel blessed for a moment.
It was a scroll of remove curse.
The flying skull closely misses you.
As you read the scroll labeled DOEGUOR UCWUEME, it crumbles to dust.
It is a scroll of identify.
i - a scroll of magic mapping The flying skull barely misses you.
The flying skull hits you! The flying skull barely misses you.
The flying skull closely misses you. x2
You riposte.
You completely miss the flying skull. Your grab misses the flying skull.
The flying skull hits you. The flying skull misses you.
The flying skull hits you.
It was a potion of flight.
You feel very buoyant.
You fly up into the air.
The flying skull hits you. The flying skull misses you.
The flying skull hits you. The flying skull hits you!
You die...

.## #..###.####.# #.##.###.#.. .#
#...........# #.##.# #.#.# ##
#.###)####### #.##.# #.#.# #.#
#.# #.##.# #.#.# #.# #.# #.##.#
#.>.. #.# #.# #.##.# #..#.
##.###.###########.##.####...
#...........zz.##.#.#........
#####..........z@z...###...###.#.
.........#.#######<##.#.#...##.#†
####.###.#.# #.###.##...#.#..
.....# #.#.# #.###.##..(.###.
.##### #.#.### #..<..####.#.#..
.# #.#...# #..#### #.##.#. .##
#.###.# #..# #.##.#. ..## #.# #.#
#..# #.##.## ...## #.###.#####..#
#.##...


You could see 4 flying skulls.

Vanquished Creatures
  3 adders (D:2)
  A dart slug (D:2)
  2 worms (D:2)
  A leopard gecko (D:1)
  3 ball pythons
  2 giant cockroaches
  7 goblins
  5 hobgoblins
  5 kobolds
  6 bats
  5 frilled lizards
  5 rats
45 creatures vanquished.

Notes
Turn   | Place    | Note
-------+----------+-------------------------------------------
     0 | D:1      | runewalsh the Octopode Ice Elementalist began the quest for the Orb.
     0 | D:1      | Reached XP level 1. HP: 11/11 MP: 3/3
   184 | D:1      | Reached XP level 2. HP: 12/17 MP: 1/5
   504 | D:1      | Reached XP level 3. HP: 21/21 MP: 3/6
   508 | D:1      | Learned a level 2 spell: Throw Frost
   512 | D:1      | Learned a level 3 spell: Ozocubu's Armour
   784 | D:2      | Reached skill level 4 in Ice Magic
   934 | D:2      | Found a faded altar of an unknown god.
   960 | D:2      | Reached XP level 4. HP: 22/27 MP: 3/8
  1004 | D:2      | Became a worshipper of Yredelemnul the Dark
  1004 | D:2      | Reached * piety under Yredelemnul
  1004 | D:2      | Fell from the grace of Yredelemnul
  1419 | D:2      | Noticed a flying skull
  1419 | D:2      | Noticed a flying skull
  1419 | D:2      | Noticed a flying skull
  1419 | D:2      | Noticed a flying skull
  1422 | D:2      | Slain by a flying skull

Vault maps used:
D:1:      dpeg_arrival_arbitrary_b, lemuel_flame_loot_1
D:2:      ecumenical_altar_2

Skill      XL: |  1  2  3  4 |
---------------+-------------+-----
Ice Magic      | 4 |  4.3
Spellcasting   | 3 |  3.0
Dodging        | |  2.0
Stealth        | |  2.6
Conjurations   | |  1.0

Action                   |  1- 3 |  4- 6 || total
-------------------------+-------+-------++-------
Melee: Unarmed           |    32 |     1 ||    33
       Constrict         |    12 |     4 ||    16
       Tentacles         |     5 |     2 ||     7
       Falchion          |       |    10 ||    10
 Cast: Freeze            |    35 |    16 ||    51
Invok: Renounce Religion |       |     1 ||     1
  Use: Scroll            |       |     3 ||     3
       Potion            |       |     1 ||     1
 Stab: Sleeping          |    10 |     3 ||    13
  Eat: Chunk             |       |     2 ||     2
Armor: Skin              |    11 |     1 ||    12
Dodge: Dodged            |    43 |    18 ||    61
